 Dungeon Crawl Stone Soup version 0.29-a0-542-g075992c915 (webtiles) character file.

Game seed: 3099421998624151495

39837 HoaS the Sharpshooter (level 14, -17/98 HPs)
             Began as a Kobold Hunter on June 3, 2022.
             Was a High Priest of Makhleb.
             Demolished by a torpor snail (54 damage)
             ... on level 6 of the Lair of Beasts.
             The game lasted 00:38:56 (18030 turns).

HoaS the Sharpshooter (Kobold Hunter)              Turns: 18030, Time: 00:38:56

Health: -17/98     AC: 12    Str: 12    XL:     14   Next: 41%
Magic:  14/14      EV:  3    Int: 10    God:    Makhleb [*****.]
Gold:   1068       SH:  0    Dex: 23    Spells: 13/13 levels left

rFire   . . .      SeeInvis .   a - +4 hand crossbow (flame)
rCold   . . .      Faith    .   (no shield)
rNeg    . . .      Spirit   .   n - +4 leather armour of Free Will {Str+3}
rPois   .          Reflect  +   z - +2 hat
rElec   .          Harm     .   (no cloak)
rCorr   .          Rampage  .   (no gloves)
Will    +....                   h - +2 pair of boots
Stlth   +++++.....              g - amulet of reflection
HPRegen 0.26/turn               C - +4 ring of evasion
MPRegen 0.14/turn               o - +4 ring of evasion

@: sleeping, slowed
A: small, no large weapons, nightstalker 3
a: Renounce Religion, Minor Destruction, Lesser Servant of Makhleb, Major
Destruction, Greater Servant of Makhleb


You were on level 6 of the Lair of Beasts.
You worshipped Makhleb.
Makhleb was extremely pleased with you.
You visited 3 branches of the dungeon, and saw 16 of its levels.
You also visited: Bailey and Gauntlet.

You collected 1068 gold pieces.

Inventory:

Hand Weapons
 a - a +4 hand crossbow of flaming (weapon)
Armour
 h - a +2 pair of boots (worn)
 n - the +4 leather armour of Free Will (worn) {Str+3}
   (You found it on level 4 of the Dungeon)

   Str:       It affects your strength (+3).
 z - a +2 hat (worn)
 D - +0 steam dragon scales
 H - a +0 helmet
Jewellery
 g - an amulet of reflection (around neck)
 j - a ring of protection from fire
 o - a +4 ring of evasion (right hand)
 x - a ring of ice
 A - a ring of protection from fire
 C - a +4 ring of evasion (left hand)
 F - a +6 ring of strength
Wands
 k - a wand of digging (8)
 y - a wand of iceblast (14)
 B - a wand of flame (35)
 I - a wand of polymorph (5)
Scrolls
 c - a scroll of immolation
 f - 5 scrolls of fog
 v - a scroll of brand weapon
 E - 7 scrolls of fear
 J - a scroll of magic mapping
Potions
 b - 4 potions of mutation
 d - 2 potions of flight
 i - a potion of berserk rage
 m - 3 potions of curing
 p - 11 potions of ambrosia
 r - a potion of resistance {unknown}
 s - 2 potions of attraction
 t - 2 potions of might
 w - a potion of invisibility
 L - a potion of cancellation {unknown}


   Skills:
 * Level 15.5 Fighting
 * Level 17.2 Crossbows
 * Level 16.3 Dodging
 - Level 7.0 Stealth


You had 13 spell levels left.
You didn't know any spells.
Your spell library contained the following spells:

 Spells                   Type           Power      Damage    Failure   Level
 Apportation              Tloc           0%         N/A       43%         1
 Necrotize                Necr           0%         1d4       43%         1
 Slow                     Hex            0%         N/A       43%         1
 Summon Small Mammal      Summ           0%         N/A       43%         1
 Ensorcelled Hibernation  Hex/Ice        0%         N/A       58%         2
 Sublimation of Blood     Necr           0%         N/A       58%         2
 Confusing Touch          Hex            0%         N/A       82%         3
 Portal Projectile        Hex/Tloc       0%         N/A       82%         3
 Spider Form              Tmut/Pois      0%         N/A       82%         3
 Tukima's Dance           Hex            0%         N/A       82%         3
 Vampiric Draining        Necr           0%         2d6       82%         3
 Anguish                  Hex/Necr       0%         N/A       99%         4
 Animate Dead             Necr           0%         N/A       99%         4
 Passage of Golubria      Tloc           0%         N/A       99%         4
 Petrify                  Tmut/Erth      0%         N/A       99%         4
 Alistair's Intoxication  Tmut/Pois      0%         N/A       100%        5
 Blade Hands              Tmut           0%         N/A       100%        5
 Borgnjor's Vile Clutch   Necr/Erth      0%         N/A       100%        5
 Irradiate                Conj/Tmut      0%         3d13      100%        5
 Yara's Violent Unravell  Hex/Tmut       0%         3d3       100%        5
 Death Channel            Necr           0%         N/A       100%        6


Dungeon Overview and Level Annotations

Branches:
Dungeon (9/15)             Temple (1/1) D:4            Lair (6/6) D:9
  Swamp (0/4) Lair:2        Snake (0/4) Lair:4        Slime (0/5) Lair:5
 Bailey (visited)         Gauntlet (visited)
    Orc: D:9-12

Altars:
Ashenzari
Cheibriados
Dithmenos
Elyvilon
Fedhas
Gozag
Hepliaklqana
Kikubaaqudgha
Makhleb
Nemelex Xobeh
Okawaru
Qazlal
Ru
Sif Muna
Trog
Uskayaw
Vehumet
Wu Jian
Xom
Yredelemnul
Zin
The Shining One
Jiyva

Annotations:
Lair:5 1 runed translucent door


Innate Abilities, Weirdness & Mutations

You are small and have problems with some larger weapons.
You are completely attuned to the shadows.


Message History

You block the elephant's attack. The elephant completely misses you. x2
The elephant closely misses you. The elephant completely misses you.
An elephant comes into view.
The elephant misses you. The elephant completely misses you. x9
The dream sheep completely misses you. The elephant completely misses you.
You block the elephant's attack. The elephant completely misses you. x2
Blink to where?
Press: ? - help, Dir - move target, p - elephant
As you read the scroll of blinking, it crumbles to dust.
You feel yourself speed up.
The elephant tramples something!
The elephant trunk-slaps something.
The elephant tramples something!
The elephant trunk-slaps something.
The elephant trumpets!
You hear a shout!
A dream sheep comes into view.
You start resting.
You flicker for a moment.
You start resting.
Being near the torpor snail leaves you feeling lethargic.
A dream sheep comes into view.
You feel yourself speed up.
Being near the torpor snail leaves you feeling lethargic.
A dream sheep comes into view.
You feel yourself speed up.
You flicker back into view.
The dream sheep bleats! x2
A dream sheep comes into view.
Being near the torpor snail leaves you feeling lethargic.
The dream sheep bleats!
Really attack while wielding your +4 hand crossbow of flaming? [Y]es or [N]o only, please.
Really attack while wielding your +4 hand crossbow of flaming? [Y]es or [N]o only, please.
Really attack while wielding your +4 hand crossbow of flaming?
Okay, then.
The dream sheep shake their wool and sparkle.
You feel drowsy...
You fall asleep.
The dream sheep bites the plant.
The plant begins to die.
The torpor snail bites you!!!
Ouch! That really hurt!
You die...

....#P...P...
....#P........
...#P..##.....
...#P..PP#....
..#P.....P#..
..P#.....P#
..#P......P
...#P.w...#
...#P.@...P
....#PPY.P#
.P..##Y.P#
#... .P#. ..Y
P#.


You could see a torpor snail and 2 dream sheep.

Vanquished Creatures
  A hydra (Lair:5)
  Erica (Lair:1)
  14 death yaks
  Nergalle (Lair:1)
  7 elephants (Lair:4)
  Maurice (D:9)
  Joseph (D:7)
  5 black mambas
  19 cane toads
  Psyche (D:8)
  A rime drake (Lair:5)
  11 komodo dragons
  2 polar bears (Lair:3)
  A troll (D:5)
  A queen bee (Lair:4)
  3 meliai (Lair:4)
  Prince Ribbit (D:5)
  A hornet (D:6)
  3 blink frogs (Lair:3)
  3 dream sheep (Lair:5)
  A spriggan (D:8)
  3 wyverns
  A basilisk (Lair:4)
  25 yaks
  5 steam dragons
  5 vampire mosquitoes (Lair:2)
  4 nagas (Lair:4)
  10 water moccasins
  Duvessa (D:6)
  3 black bears
  2 orc warriors
  4 sky beasts
  4 ice beasts
  3 centaurs
  11 wolves
  5 kobold brigands
  8 bullfrogs
  Blork the orc (D:5)
  A necrophage (D:6)
  3 scorpions
  16 wights
  Dowan (D:6)
  27 killer bees
  3 howler monkeys (D:9)
  A hound (D:4)
  7 orc priests
  4 jellies
  3 iguanas
  Terence (D:1)
  4 orc wizards
  12 gnolls
  9 adders
  An ufetubus (D:4)
  4 worms
  5 dart slugs
  42 orcs
  7 ball pythons
  10 endoplasms
  6 giant cockroaches
  18 goblins
  8 hobgoblins
  4 jackals (D:3)
  21 kobolds
  8 quokkas
  10 bats
  3 frilled lizards
  5 rats
418 creatures vanquished.

Vanquished Creatures (others)
  3 demonic plants (Gauntlet)
  28 fungi
  36 plants
67 creatures vanquished.

Grand Total: 485 creatures vanquished

Notes
Turn   | Place    | Note
-------+----------+-------------------------------------------
     0 | D:1      | HoaS the Kobold Hunter began the quest for the Orb.
     0 | D:1      | Reached XP level 1. HP: 12/12 MP: 1/1
    10 | D:1      | Noticed an electric eel
    32 | D:1      | Reached XP level 2. HP: 17/17 MP: 2/2
    67 | D:1      | Reached skill level 6 in Crossbows
   196 | D:1      | Reached XP level 3. HP: 21/21 MP: 3/3
   675 | D:1      | Found a faded altar of an unknown god.
   970 | D:2      | Reached skill level 7 in Crossbows
   996 | D:2      | Reached XP level 4. HP: 25/26 MP: 4/4
  1071 | D:2      | Noticed Terence
  1104 | D:1      | HP: 1/26 [Terence/+0 mace (5)]
  1105 | D:1      | Killed Terence
  1520 | D:2      | Reached XP level 5. HP: 30/30 MP: 5/5
  1625 | D:2      | Reached skill level 8 in Crossbows
  1908 | D:3      | Found a white marble altar of Elyvilon.
  2708 | D:4      | Reached XP level 6. HP: 35/35 MP: 6/6
  2814 | D:4      | Reached skill level 9 in Crossbows
  2842 | D:4      | Identified the +4 leather armour of Free Will {Str+3}
  2994 | D:4      | Found a staircase to the Ecumenical Temple.
  3000 | Temple   | Entered the Ecumenical Temple
  3448 | D:4      | Found a shimmering altar of Xom.
  3453 | D:4      | Found a radiant altar of Vehumet.
  3455 | D:4      | Found a burning altar of Makhleb.
  3456 | D:4      | Found a shimmering blue altar of Sif Muna.
  3460 | D:4      | Became a worshipper of Makhleb the Destroyer
  3464 | D:4      | Found a hazy altar of Hepliaklqana.
  3616 | D:5      | Entered Level 5 of the Dungeon
  3620 | D:5      | Noticed a wyvern
  3632 | D:4      | Killed a wyvern
  3633 | D:4      | Reached skill level 10 in Crossbows
  3633 | D:4      | Reached XP level 7. HP: 39/41 MP: 7/7
  3872 | D:5      | Noticed a troll
  3880 | D:5      | Killed a troll
  3881 | D:5      | Reached skill level 5 in Dodging
  3881 | D:5      | Reached XP level 8. HP: 36/48 MP: 8/8
  4223 | D:5      | Noticed Prince Ribbit
  4225 | D:5      | Reached skill level 5 in Fighting
  4229 | D:5      | Killed Prince Ribbit
  4291 | D:5      | Reached * piety under Makhleb
  4324 | D:5      | Found a snail-covered altar of Cheibriados.
  4492 | D:5      | Noticed Blork the orc
  4510 | D:5      | Killed Blork the orc
  5086 | D:6      | Reached XP level 9. HP: 56/56 MP: 9/9
  5301 | D:6      | Noticed Duvessa
  5303 | D:6      | Noticed Dowan
  5308 | D:6      | Killed Duvessa
  5316 | D:6      | Killed Dowan
  5766 | D:6      | Reached ** piety under Makhleb
  5789 | D:7      | Found a basalt altar of Yredelemnul.
  5902 | D:7      | Noticed a hornet
  6067 | D:6      | Killed a hornet
  6068 | D:6      | Reached XP level 10. HP: 53/66 MP: 10/10
  6072 | D:6      | Reached skill level 10 in Dodging
  6221 | D:7      | Found a sparkling altar of Nemelex Xobeh.
  6288 | D:7      | Found a flagged portal.
  6300 | Bailey   | Entered a bailey
  6860 | D:7      | Reached skill level 10 in Fighting
  6947 | D:7      | Noticed Joseph
  6971 | D:7      | Killed Joseph
  7117 | D:7      | Found an opulent altar of Gozag.
  7266 | D:8      | Noticed Psyche
  7274 | D:8      | Killed Psyche
  7377 | D:8      | Reached *** piety under Makhleb
  8362 | D:8      | Reached skill level 11 in Crossbows
  8561 | D:9      | Reached XP level 11. HP: 69/73 MP: 11/11
  8577 | D:9      | Reached skill level 5 in Stealth
  8788 | D:9      | Found an iron altar of Okawaru.
  8854 | D:9      | Reached **** piety under Makhleb
  9109 | D:9      | Found a staircase to the Lair.
  9225 | D:9      | Noticed Maurice
  9239 | D:9      | Killed Maurice
  9430 | D:9      | Reached skill level 12 in Crossbows
  9457 | D:9      | Found an ornate altar of the Wu Jian Council.
  9545 | D:9      | Found a glowing silver altar of Zin.
  9915 | Lair:1   | Entered Level 1 of the Lair of Beasts
 10269 | Lair:1   | Noticed Erica
 10278 | Lair:1   | Killed Erica
 10417 | Lair:1   | Reached XP level 12. HP: 81/81 MP: 12/12
 10434 | Lair:1   | Reached skill level 13 in Crossbows
 11072 | Lair:1   | Noticed Nergalle
 11095 | Lair:1   | Killed Nergalle
 12066 | Lair:2   | Reached skill level 14 in Crossbows
 12578 | Lair:2   | Found a staircase to the Swamp.
 12921 | Lair:3   | Reached XP level 13. HP: 88/88 MP: 13/13
 13425 | Lair:2   | Reached skill level 15 in Crossbows
 13986 | Lair:4   | Reached ***** piety under Makhleb
 14004 | Lair:4   | Reached skill level 15 in Dodging
 14057 | Lair:4   | Found a gate leading to a gauntlet.
 14063 | Gauntlet | Entered a Gauntlet
 14114 | Gauntlet | Found a transporter.
 14150 | Gauntlet | Found a transporter.
 14164 | Gauntlet | Found a transporter.
 14179 | Gauntlet | Found a transporter.
 14197 | Gauntlet | Found a transporter.
 14199 | Gauntlet | Noticed a catoblepas
 14219 | Gauntlet | Found a transporter.
 14233 | Gauntlet | Found a transporter.
 14255 | Gauntlet | Found a transporter.
 14271 | Gauntlet | Found a transporter.
 14275 | Gauntlet | Found a transporter.
 14338 | Gauntlet | Found a transporter.
 14338 | Gauntlet | Found a transporter.
 14737 | Lair:4   | Reached skill level 16 in Crossbows
 15123 | Lair:4   | Found a staircase to the Snake Pit.
 15715 | Lair:4   | Reached XP level 14. HP: 93/96 MP: 14/14
 15793 | Lair:4   | Reached skill level 15 in Fighting
 16728 | Lair:5   | Found a runed translucent door.
 16728 | Lair:5   | Found a viscous altar of Jiyva.
 16778 | Lair:5   | Found a staircase to the Slime Pits.
 17001 | Lair:4   | Reached skill level 17 in Crossbows
 17754 | Lair:6   | Entered Level 6 of the Lair of Beasts
 18030 | Lair:6   | Demolished by a torpor snail

Illustrated notes

Levels and vault maps discovered:
D:1:      arrival_aquarium_a, layout_loops_ring,
          ebering_ecumenical_altar_abandoned, minmay_misc_feat_cross,
          minmay_misc_feat_enclosed, minmay_close_crescents
D:2:      minmay_inner_zag, layout_rooms, serial_glass, glass_columns_a,
          glass_columns_c, uniq_terence
D:3:      layout_loops_cross, elyvilon_altar_1, corexii_leaking_fountain,
          grunt_ministairs_8
D:4:      layout_loops_cross, chequers_temple_overflow_minitemple,
          minmay_temple_entry_waves
D:5:      layout_loops_ring, mainiacjoe_overflow_six_doors_small,
          minmay_circle_x, uniq_blork_the_orc, uniq_prince_ribbit1
D:6:      layout_loops_ring, st_stairs_6, uniq_duvessa
D:7:      layout_rooms, nicolae_overflow_crystal_walls,
          nicolae_gozag_cash_rules_everything_around_me,
          lemuel_coloured_pillars_altar, enter_bailey_3,
          amcnicky_mini_corridor_feature, kennysheep_generic_room_9, uniq_joseph
D:8:      layout_basic, the_hattery, uniq_psyche
D:9:      layout_basic, lemuel_crystal_altar, marbit_many_paths,
          overflow_temple_1_default, lair_entry_dummy, hangedman_misty_isle,
          uniq_maurice
Temple:   jpeg_temple_island
Lair:1:   layout_misc_corridors, beast_lair_carwin_7, lemuel_fruit_tree,
          infiniplex_staircase_pool, uniq_nergalle, uniq_erica
Lair:2:   layout_regular_city, minmay_swamp_entry_swarm, beast_lair_carwin_6,
          grunt_megastairs_5
Lair:3:   layout_misc_corridors, grunt_megastairs_2
Lair:4:   layout_roguey [special_room_bee], guppyfry_snake_entry_island,
          gauntlet_entry_generic, grunt_megastairs_4, lemuel_fruit_fields
Lair:5:   layout_concentric_octagons, slime_altar_2,
          chequers_serial_rivers_micro_e, chequers_serial_rivers_marsh,
          st_stairs_3
Lair:6:   minmay_lair_end_enchanted_forest, layout_hall_layers,
          serial_bayou_pond_d, hangedman_lair_unloving_vines

Skill      XL: |  1  2  3  4  5  6  7  8  9 10 11 12 13 14 |
---------------+-------------------------------------------+-----
Crossbows      | 6 7 8 10 11 12 14 16 17 | 17.2
Fighting       | 3 4 6 9 10 12 13 14 15 | 15.5
Dodging        | 3 5 7 9 11 12 14 15 16 | 16.3
Stealth        | 2 3 4 7 |  7.0

Action                   |  1- 3 |  4- 6 |  7- 9 | 10-12 | 13-15 || total
-------------------------+-------+-------+-------+-------+-------++-------
 Fire: Hand crossbow     |    80 |   154 |   222 |   857 |   722 ||  2035
Evoke: Wand              |       |       |       |     3 |       ||     3
  Use: Scroll            |     3 |    11 |     6 |     9 |    11 ||    40
       Potion            |       |     4 |     2 |     4 |    10 ||    20
Armor: Leather armour    |     4 |    11 |    20 |    60 |    54 ||   149
Dodge: Dodged            |    14 |    56 |   125 |   620 |   877 ||  1692
Block: Other             |       |    11 |    36 |   145 |   134 ||   326
       Reflection        |       |     1 |       |     5 |       ||     6

Table legend: (Time is in decaauts)
 A = Elapsed time spent in this place.
 B = Non-inter-level travel time spent in this place.
 C = Inter-level travel time spent in this place.
 D = Time resting spent in this place.
 E = Time spent auto-exploring this place.
 F = Levels seen in this place.
 G = Mean time per level.
                   A        B        C        D        E       F      G
               +--------+--------+--------+--------+--------+-----+--------+
         Total |  18171 |  17593 |    578 |   4668 |   9500 |  18 | 1009.5 |
       Dungeon |   9230 |   8924 |    306 |   1647 |   5633 |   9 | 1025.6 |
        Temple |    288 |    271 |     17 |      0 |    265 |   1 |  288.0 |
          Lair |   7839 |   7585 |    254 |   2783 |   3268 |   6 | 1306.5 |
        Bailey |    522 |    522 |      0 |    212 |    165 |   1 |  522.0 |
      Gauntlet |    290 |    290 |      0 |     26 |    169 |   1 |  290.0 |
               +--------+--------+--------+--------+--------+-----+--------+

Top non-repeatable levels by time:
  Lair:4: 2025 daAuts
  Lair:2: 1935 daAuts
  Lair:5: 1809 daAuts
     D:8: 1539 daAuts
  Lair:1: 1287 daAuts
     D:5: 1252 daAuts
     D:1: 1237 daAuts
     D:9: 1139 daAuts
     D:6: 930 daAuts
     D:3: 836 daAuts
     D:7: 821 daAuts
     D:4: 804 daAuts
  Lair:3: 733 daAuts
     D:2: 670 daAuts
  Bailey: 522 daAuts
